 Dungeon Crawl Stone Soup version 0.19-a0-1532-g228a5d9 (webtiles) character file.

91 Charly the Sneak (level 4, -1/21 HPs)
             Began as a Spriggan Enchanter on Sept 13, 2016.
             Shot with an arrow by a centaur (6 damage)
             ... on level 5 of the Dungeon.
             The game lasted 00:08:10 (448 turns).

Charly the Sneak (Spriggan Enchanter)                Turns: 448, Time: 00:08:11

Health: -1/21      AC:  3    Str:  4    XL:     4   Next: 34%
Magic:  8/9        EV: 18    Int: 16    God:
Gold:   39         SH:  0    Dex: 17    Spells: 3 memorised, 2 levels left

rFire  . . .     SeeInvis +     a - +1 dagger
rCold  . . .     Gourm    .     b - +1 robe
rNeg   . . .     Faith    +     (shield restricted)
rPois  .         Spirit   .     (helmet restricted)
rElec  .         Dismiss  .     (no cloak)
rCorr  .         Reflect  .     (gloves unavailable)
MR     .....     Harm     .     (boots unavailable)
Stlth  ++++......               f - amulet of faith
                                (no ring)
                                (no ring)

@: very quick
A: unfitting armour, see invisible, herbivore 3, speed 3, slow metabolism 2
a: no special abilities


You were on level 5 of the Dungeon.
You were not hungry.

You visited 1 branch of the dungeon, and saw 5 of its levels.

You collected 39 gold pieces.

Inventory:

Hand Weapons
 a - a +1 dagger (weapon)
Armour
 b - a +1 robe (worn)
Jewellery
 f - an amulet of faith (around neck)
Scrolls
 e - 2 scrolls of identify {unknown}
 g - a scroll of teleportation {unknown}
 h - 3 scrolls of amnesia {unknown}
 i - a scroll of remove curse {unknown}
Potions
 j - a potion of mutation {unknown}
 k - a potion of berserk rage {unknown}
 l - a potion of degeneration {unknown}
Books
 c - a book of Maledictions

   Spells                             Type                      Level
   a - Corona                         Hexes                        1
   b - Ensorcelled Hibernation        Hexes/Ice                    2
   c - Confuse                        Hexes                        3
   d - Tukima's Dance                 Hexes                        3
   e - Dazzling Spray                 Conjuration/Hexes            3
Comestibles
 d - a bread ration


   Skills:
 - Level 1.1 Short Blades
 - Level 3.0 Dodging
 + Level 6.4 Stealth
 - Level 2.6 Spellcasting
 + Level 5.1 Hexes


You had 2 spell levels left.
You knew the following spells:

 Your Spells              Type           Power        Failure   Level  Hunger
a - Corona                Hex            ###....      2%          1    #......
c - Confuse               Hex            ###.....     10%         3    ###....
h - Ensorcelled Hibernat  Hex/Ice        ##....       12%         2    ##.....


Dungeon Overview and Level Annotations

Branches:
Dungeon (5/15)
 Temple: D:4-7

Altars:
Qazlal

Annotations:
D:5 Dowan, Duvessa


Innate Abilities, Weirdness & Mutations

You are tiny and cannot use many weapons and most armour.
You have supernaturally acute eyesight. (SInv)
You are a herbivore.
You cover ground extremely quickly.
You need consume almost no food.


Message History

Unknown command.
Unknown command.
Unknown command.
Unknown command.
Unknown command.
Unknown command.
Unknown command.
Unknown command.
You see here 26 stones.
You open the door.
There is an open door here.
There is an open door here.
You see here 14 gold pieces.
You now have 39 gold pieces (gained 14).
The centaur shouts!
Dowan shouts!
The centaur shoots an arrow.
The arrow completely misses you. Dowan gestures at you while chanting.
You easily resist.
The centaur shoots an arrow.
The arrow hits you.
You die...

###.##.#######....#...#.
#.#........#....#....
#.#..#####.#....#...[.
####'#.e(..........#.#>..
#....c.....e.......#.....
#.......Z..........#. ...
#..................#
#...(.#..######.#..#####.
#(....'(@................
#.....############.######
#............ch.....#
#.(.......###########
##........# ###########
#........# #.....(...#
###'###### #.#######.#
#.# #.# #.# #.# #.# #.#


You could see Duvessa, Dowan, a centaur and a giant gecko skeleton.

Vanquished Creatures
  2 iguanas (D:5)
  A hound skeleton (D:4)
  A gnoll (D:4)
  A giant gecko (D:3)
  2 orcs (D:4)
  5 goblins
  2 hobgoblins (D:4)
  3 kobolds
  A bat (D:1)
18 creatures vanquished.

Notes
Turn   | Place    | Note
-------+----------+-------------------------------------------
     0 | D:1      | Charly the Spriggan Enchanter began the quest for the Orb.
     0 | D:1      | Reached XP level 1. HP: 9/9 MP: 5/5
    80 | D:1      | faith
   174 | D:3      | Reached XP level 2. HP: 9/13 MP: 3/6
   178 | D:3      | Learned a level 2 spell: Ensorcelled Hibernation
   220 | D:4      | Reached skill level 5 in Stealth
   266 | D:4      | Reached XP level 3. HP: 14/16 MP: 1/8
   281 | D:4      | Learned a level 3 spell: Confuse
   307 | D:5      | Entered Level 5 of the Dungeon
   311 | D:4      | Found a stormy altar of Qazlal.
   323 | D:5      | Reached skill level 6 in Stealth
   329 | D:5      | Noticed Dowan
   331 | D:5      | Reached skill level 5 in Hexes
   331 | D:5      | Reached XP level 4. HP: 17/21 MP: 5/9
   349 | D:5      | Noticed a centaur
   351 | D:5      | Noticed Duvessa
   358 | D:5      | HP: 1/21 [centaur/arrow (11)]
   448 | D:5      | Shot with an arrow by a centaur

Vault maps used:
D:1:      sevenhm_arrival_forest_fort_large_4, kennysheep_minor_cross
D:2:      mumra_celtic_spiral_tile, nicolae_overflow_hidden_temple,
          minmay_cut_off
D:3:      first_bread
D:4:      corexii_shantytown, nicolae_qazlal_general_emergency,
          minmay_misc_feat_roman
D:5:      uniq_duvessa

Skill      XL: |  1  2  3 |
---------------+----------+-----
Stealth        | 5 6 |  6.4
Hexes          | 4 5 |  5.1
Short Blades   | |  1.1
Dodging        | |  3.0
Spellcasting   | |  2.6

Action                   |  1- 3 |  4- 6 || total
-------------------------+-------+-------++-------
Melee: Dagger            |    35 |       ||    35
 Cast: Corona            |     7 |       ||     7
       Ensorcelled Hiber |     3 |       ||     3
       Confuse           |       |     2 ||     2
 Stab: Sleeping          |    14 |       ||    14
Armor: Robe              |     2 |       ||     2
Dodge: Dodged            |    18 |     4 ||    22
